 Dungeon Crawl Stone Soup version 0.29-a0-1033-gb6c65ffae6 (webtiles) character file.

Game seed: 3719615428673416014

3 leavemydog the Conjurer (level 1, -2/10 HPs)
             Began as a Deep Elf Conjurer on Aug 14, 2022.
             Slain by a jackal (3 damage)
             ... on level 1 of the Dungeon.
             The game lasted 00:00:11 (88 turns).

leavemydog the Conjurer (Deep Elf Conjurer)           Turns: 88, Time: 00:00:11

Health: -2/10      AC:  2    Str:  4    XL:     1   Next: 41%
Magic:  1/6        EV: 12    Int: 22    God:
Gold:   0          SH:  0    Dex: 13    Spells: 5/6 levels left

rFire   . . .      SeeInvis .   (no weapon)
rCold   . . .      Faith    .   (no shield)
rNeg    . . .      Spirit   .   a - +0 robe
rPois   .          Reflect  .   (no helmet)
rElec   .          Harm     .   (no cloak)
rCorr   .          Rampage  .   (no gloves)
Will    .....                   (no boots)
Stlth   ++........              (no amulet)
HPRegen 0.03/turn               (no ring)
MPRegen 0.10/turn               (no ring)

@: no status effects
A: no striking features
a: no special abilities


You were on level 1 of the Dungeon.
You visited 1 branch of the dungeon, and saw 1 of its levels.

Inventory:

Armour
 a - a +0 robe (worn)
Potions
 b - a potion of magic
 c - a potion of curing {unknown}


   Skills:
 - Level 2.4 Dodging
 - Level 2.4 Stealth
 + Level 3.2 Spellcasting
 + Level 4.5 Conjurations


You had 5 spell levels left.
You knew the following spells:

 Your Spells              Type           Power      Damage    Failure   Level
a - Magic Dart            Conj           92%        1d7       1%          1

Your spell library contained the following spells:

 Spells                   Type           Power      Damage    Failure   Level
 Searing Ray              Conj           46%        2d6       3%          2
 Dazzling Flash           Conj/Hex       26%        N/A       14%         3
 Fulminant Prism          Conj/Hex       6%         3d7       43%         4
 Iskenderun's Mystic Bla  Conj/Tloc      13%        2d5       43%         4


Dungeon Overview and Level Annotations

Branches:
Dungeon (1/15)

Altars:


Message History

The jackal barks!
You hear a bark!
A jackal comes into view. x2
The magic dart hits the jackal.
The jackal is moderately wounded.
A jackal comes into view.
The magic dart hits the jackal.
The jackal is heavily wounded.
There are monsters nearby!
The magic dart hits the jackal.
You kill the jackal!
The jackal bites you.
The magic dart hits the jackal.
The jackal is heavily wounded.
The jackal closely misses you.
The magic dart hits the jackal.
The jackal is severely wounded.
The jackal misses you.
You are out of magic!
You are out of magic!
You are out of magic!
You are out of magic!
You are out of magic!
You are out of magic!
You are out of magic!
You are out of magic!
You hit the jackal but do no damage.
The jackal is severely wounded.
The jackal misses you. The jackal bites you.
A bat comes into view.
You hit the jackal but do no damage.
The jackal is severely wounded.
The jackal bites you.
You are too injured to fight recklessly!
You are too injured to fight recklessly!
You are too injured to fight recklessly!
You are too injured to fight recklessly!
The jackal bites you.
* * * LOW HITPOINT WARNING * * *
The jackal bites you.
You die...

..................
##.......#.########
.......)#......... ##
##.#....########## ...
###.......# #...
#.....##).# .....
..........# ###
#.....###########.#####....
#.....†bhhh@....#..#.......
#.###.#########.#..........
# #.#..........
#######.##.#.######
...........#.#
#######.####.# #.# .# #.#
.# ..# .#


You could see 3 jackals and a bat.

Vanquished Creatures
  A goblin (D:1)
  A jackal (D:1)
  A rat (D:1)
3 creatures vanquished.

Notes
Turn   | Place    | Note
-------+----------+-------------------------------------------
     0 | D:1      | leavemydog the Deep Elf Conjurer began the quest for the
                  | Orb.
     0 | D:1      | Reached XP level 1. HP: 10/10 MP: 6/6
    88 | D:1      | Slain by a jackal

Illustrated notes

Levels and vault maps discovered:
D:1:      minmay_arrival_checkered_box, layout_basic,
          ebering_ecumenical_altar_abandoned

Action                   || total
-------------------------++-------
Melee: Unarmed           ||     2
 Cast: Magic Dart        ||     9
Dodge: Dodged            ||     3

Table legend: (Time is in decaauts)
 A = Elapsed time spent in this place.
 B = Non-inter-level travel time spent in this place.
 C = Inter-level travel time spent in this place.
 D = Time resting spent in this place.
 E = Time spent auto-exploring this place.
 F = Levels seen in this place.
 G = Mean time per level.
                   A        B        C        D        E       F      G
               +--------+--------+--------+--------+--------+-----+--------+
         Total |     88 |     88 |      0 |      0 |     69 |   1 |   88.0 |
       Dungeon |     88 |     88 |      0 |      0 |     69 |   1 |   88.0 |
               +--------+--------+--------+--------+--------+-----+--------+

Top non-repeatable levels by time:
     D:1: 88 daAuts
